 Dungeon Crawl Stone Soup version 0.22-a0-439-gac93bac (webtiles) character file.

4270 iamserjio the Cleaver (level 10, -2/73 HPs)
             Began as a Vine Stalker Fighter on May 29, 2018.
             Was a Believer of Elyvilon.
             Slain by a wolf spider (9 damage)
             ... on level 8 of the Dungeon.
             The game lasted 00:17:48 (6852 turns).

iamserjio the Cleaver (Vine Stalker Fighter)        Turns: 6852, Time: 00:17:48

Health: -2/73      AC: 25    Str: 25    XL:     10   Next: 31%
Magic:  0/14       EV:  2    Int:  8    God:    Elyvilon [**....]
Gold:   36         SH: 11    Dex: 19    Spells: 9/9 levels left

rFire    . . .     SeeInvis .   L - +2 war axe (elec)
rCold    . . .     Gourm    .   c - +0 shield
rNeg     + + +     Faith    .   (armour currently unavailable)
rPois    +         Spirit   +   (helmet currently unavailable)
rElec    .         Reflect  .   (cloak currently unavailable)
rCorr    .         Harm     .   (gloves currently unavailable)
MR       +....     NoTele   +   (boots currently unavailable)
Stlth    ++........             y - amulet of rage
HPRegen  0.62/turn              J - +3 ring of dexterity
MPRegen  0.14/turn              w - +5 ring of strength

@: tree-form
A: regeneration 1, magic shield, no potion heal 3, rot immunity
a: Lesser Healing, Heal Other, Divine Protection, Renounce Religion, Evoke
Berserk Rage


You were on level 8 of the Dungeon.
You worshipped Elyvilon.
Elyvilon was pleased with you.
You were hungry.
You were a tree.
You visited 1 branch of the dungeon, and saw 8 of its levels.
You also visited: Sewer.

You collected 379 gold pieces.
You spent 343 gold pieces at shops.

Inventory:

Hand Weapons
 v - a +2 whip of flaming
 L - a +2 war axe of electrocution (weapon)
Missiles
 k - 281 stones (quivered)
Armour
 b - a +0 scale mail
 c - a +0 shield (worn)
 j - a +0 chain mail (melded)
 u - a +0 pair of boots (melded)
 A - a +0 troll leather armour
Jewellery
 w - a +5 ring of strength (right branch)
 y - an amulet of rage (around neck)
 D - an uncursed ring of protection from cold
 J - a +3 ring of dexterity (left branch)
Wands
 s - a wand of acid (8)
 H - a wand of scattershot (6)
Scrolls
 e - 4 scrolls of remove curse
 h - 2 scrolls of blinking
 i - 2 scrolls of fear
 o - 2 scrolls of amnesia
 r - a scroll of torment {unknown}
 t - a scroll of enchant weapon {unknown}
 x - 2 scrolls of fog {unknown}
 z - a scroll of identify
 E - a scroll of teleportation
 I - a scroll of random uselessness {unknown}
 K - a scroll of acquirement {unknown}
Potions
 d - a potion of lignification
 g - a potion of berserk rage
 l - 3 potions of heal wounds {unknown}
 m - 7 potions of curing
 n - 2 potions of brilliance
 p - 2 potions of agility {unknown}
 q - 3 potions of mutation
 B - a potion of might
 C - a potion of flight
 F - 2 potions of magic
Comestibles
 a - 4 chunks of flesh
 f - 23 rations


   Skills:
 - Level 3.0 Fighting
 * Level 8.5 Axes
 - Level 6.0 Armour
 + Level 6.4 Shields
 - Level 4.0 Invocations
 + Level 4.7 Evocations


You had 9 spell levels left.
You didn't know any spells.
Your spell library contained the following spells:

 Spells                   Type           Power        Failure   Level  Hunger
 Magic Dart               Conj           #...         78%         1    ##.....
 Confuse                  Hex            #.......     98%         3    ####...
 Iskenderun's Mystic Bla  Conj           #.......     100%        4    #####..
 Confusing Touch          Hex            #.....       78%         1    ##.....
 Metabolic Englaciation   Hex/Ice        #.........   100%        5    ######.
 Petrify                  Tmut/Erth      #.......     100%        4    #####..
 Fulminant Prism          Conj/Hex       #.........   100%        4    #####..
 Dazzling Spray           Conj/Hex       #.....       98%         3    ####...
 Force Lance              Conj/Tloc      #.......     100%        4    #####..
 Searing Ray              Conj           #.....       89%         2    ###....
 Gell's Gravitas          Tloc           #.........   98%         3    ####...
 Yara's Violent Unravell  Hex/Tmut       #.........   100%        5    ######.


Dungeon Overview and Level Annotations

Branches:
Dungeon (8/15)             Temple (0/1) D:6
   Lair: D:8-11

Altars:
Elyvilon
Gozag
Trog
Xom

Shops:
D:6 !   D:8 *![(


Innate Abilities, Weirdness & Mutations

((You have razor-sharp teeth.))
Your natural rate of healing is unusually fast.
When hurt, damage is shared between your health and your magic reserves.
((Your bite disrupts and absorbs the magic of your enemies.))
Potions cannot restore your health.
You are immune to rotting.


Message History

Your +0 pair of boots melds into your body.
Your +0 chain mail melds into your body.
Your roots penetrate the ground.
You block the wolf spider's attack.
The wolf spider bites you but does no damage.
You closely miss the wolf spider.
The wolf spider is lightly wounded.
You block the wolf spider's attack. x2; The wolf spider hits you.
* * * LOW HITPOINT WARNING * * *
The wolf spider bites you but does no damage.
You slash the wolf spider!
The wolf spider is moderately wounded.
The wolf spider hits you!
* * * LOW HITPOINT WARNING * * *
The wolf spider bites you.
* * * LOW HITPOINT WARNING * * *
Okay, then.
You are healed.
You feel somewhat more hungry. The wolf spider hits you.
* * * LOW HITPOINT WARNING * * *
You block the wolf spider's attack. The wolf spider hits you!
You die...

#.##.####≈≈≈....≈≈≈#.#
####....≈≈≈.8..8.≈≈≈.##
#.##.≈≈8##''##8≈≈..#
#.##≈≈≈##...÷##≈≈≈.#
#...≈≈##......##≈≈.#
######.≈≈#..####..#≈≈.#
..# ##≈≈#.. #..#≈≈.#
#.# #≈≈#.. #..#≈≈.#
#.#####≈≈#. #♣.#≈≈.#
#......≈≈##....s.##≈≈.#
#.####.;≈≈##....## ≈≈.#
#.# ≈≈≈##### ..# #.#
;≈≈;≈ ### #<# ≈≈≈≈≈ #.#
##### #.# #.#


You could see a wolf spider and an electric eel.

Vanquished Creatures
  A two-headed ogre (D:8)
  A troll (D:8)
  A hippogriff (D:8)
  4 yaks (D:7)
  A hungry ghost (D:8)
  An orc warrior (D:8)
  5 ogres
  A phantom (D:8)
  5 centaurs
  Blork the orc (D:5)
  A crocodile (Sewer)
  A big kobold (D:7)
  4 bullfrogs
  A gnoll sergeant (D:7)
  2 crimson imps
  A bullfrog zombie (D:6)
  A centaur skeleton (D:8)
  4 orc wizards
  2 orc priests
  2 hounds
  A jelly (D:8)
  A bullfrog skeleton (D:6)
  4 iguanas
  Natasha (thrice) (D:2)
  5 worker ants
  A killer bee zombie (D:8)
  A hound skeleton (D:4)
  2 worker ant zombies (D:7)
  5 gnolls (D:7)
  8 adders
  2 oozes
  An adder zombie (D:6)
  A worm (D:4)
  3 dart slugs
  9 leopard geckos
  26 orcs
  3 ball pythons
  9 bats
  6 giant cockroaches
  4 goblins
  5 hobgoblins
  8 jackals
  3 quokkas
  4 frilled lizards
  A jackal skeleton (D:4)
  8 kobolds
  A quokka skeleton (D:4)
  A quokka zombie (D:5)
  4 rats
170 creatures vanquished.

Notes
Turn   | Place    | Note
-------+----------+-------------------------------------------
     0 | D:1      | iamserjio the Vine Stalker Fighter began the quest for the Orb.
     0 | D:1      | Reached XP level 1. HP: 11/11 MP: 2/2
   269 | D:1      | Reached skill level 2 in Axes
   339 | D:1      | Reached XP level 2. HP: 16/16 MP: 3/3
  1050 | D:2      | Reached XP level 3. HP: 19/19 MP: 4/4
  1098 | D:2      | Noticed Natasha
  1372 | D:2      | Killed Natasha
  1485 | D:2      | Noticed Natasha
  1492 | D:2      | Killed Natasha
  1492 | D:2      | Gained mutation: Your natural rate of healing is unusually fast. [Vine Stalker growth]
  1492 | D:2      | Reached XP level 4. HP: 4/24 MP: 1/5
  1654 | D:2      | Reached skill level 3 in Axes
  1659 | D:2      | Noticed Natasha
  1667 | D:2      | Killed Natasha
  1974 | D:2      | Reached XP level 5. HP: 28/28 MP: 6/6
  2292 | D:3      | Found a glowing drain.
  2309 | Sewer    | Entered a sewer
  2364 | Sewer    | Noticed a crocodile
  2373 | Sewer    | Killed a crocodile
  2373 | Sewer    | Reached skill level 4 in Axes
  2675 | D:3      | Reached XP level 6. HP: 32/32 MP: 7/7
  3933 | D:5      | Entered Level 5 of the Dungeon
  4020 | D:5      | Noticed Blork the orc
  4031 | D:5      | Killed Blork the orc
  4031 | D:5      | Reached skill level 5 in Axes
  4031 | D:5      | Reached XP level 7. HP: 32/36 MP: 8/8
  4138 | D:5      | Reached skill level 1 in Evocations
  4419 | D:6      | Gained mutation: You have razor-sharp teeth. [Vine Stalker growth]
  4419 | D:6      | Reached XP level 8. HP: 37/40 MP: 7/10
  4476 | D:6      | Found Ifaukkeb's Distillery.
  4504 | D:6      | Reached skill level 6 in Axes
  4508 | D:6      | Bought a potion of magic for 80 gold pieces
  4508 | D:6      | Bought a potion of degeneration for 10 gold pieces
  4556 | D:6      | Found a bloodstained altar of Trog.
  4563 | D:6      | Found an opulent altar of Gozag.
  4574 | D:6      | Found a white marble altar of Elyvilon.
  4666 | D:6      | Became a worshipper of Elyvilon the Healer
  4719 | D:6      | Reached skill level 5 in Shields
  4776 | D:6      | Found a staircase to the Ecumenical Temple.
  5103 | D:7      | Noticed a yak
  5105 | D:7      | Noticed a yak
  5108 | D:7      | Noticed a yak
  5109 | D:7      | Noticed a yak
  5114 | D:7      | Killed a yak
  5114 | D:7      | Reached skill level 5 in Armour
  5114 | D:7      | Reached skill level 1 in Invocations
  5120 | D:7      | Killed a yak
  5120 | D:7      | Reached XP level 9. HP: 20/44 MP: 6/12
  5414 | D:7      | Reached skill level 7 in Axes
  5440 | D:7      | Reached * piety under Elyvilon
  6228 | D:8      | Found Xuelon's Assorted Antiques.
  6236 | D:8      | Bought a scroll labeled UBBACV AFRATH for 26 gold pieces
  6236 | D:8      | Bought a scroll of fear for 91 gold pieces
  6276 | D:8      | Found a shimmering altar of Xom.
  6279 | D:8      | Found a shimmering altar of Xom.
  6280 | D:8      | Found a shimmering altar of Xom.
  6280 | D:8      | Found a shimmering altar of Xom.
  6281 | D:8      | Found a shimmering altar of Xom.
  6281 | D:8      | Found a shimmering altar of Xom.
  6281 | D:8      | Found a shimmering altar of Xom.
  6281 | D:8      | Found a shimmering altar of Xom.
  6282 | D:8      | Found a shimmering altar of Xom.
  6295 | D:8      | Noticed a two-headed ogre
  6302 | D:8      | Killed a two-headed ogre
  6302 | D:8      | Reached skill level 8 in Axes
  6302 | D:8      | Reached XP level 10. HP: 48/49 MP: 11/14
  6367 | D:8      | Found Weqory's Antique Weapon Emporium.
  6370 | D:8      | Bought a glowing war axe for 136 gold pieces
  6417 | D:8      | Found Huxkeihy's Distillery.
  6457 | D:8      | Reached ** piety under Elyvilon
  6479 | D:8      | Found Suariu Rice's Antique Armour Shoppe.
  6846 | D:8      | Noticed a wolf spider
  6852 | D:8      | Slain by a wolf spider

Vault maps used:
D:1:      evilmike_arrival_crescent, serial_co_window_serial, co_window_paths_a,
          co_window_cross_1, co_window_paths_a, co_window_paths_b,
          co_window_corner_a, co_window_paths_a, co_window_corner_a,
          co_window_cross_4, co_window_corner_b, co_window_of_opportunity_c,
          co_window_corner_b, co_window_paths_c, co_window_of_opportunity_b,
          co_window_4corner_b
D:2:      uniq_natasha
D:3:      gup_sewer_entry_pipe
D:4:      minmay_statues_item
D:5:      first_ration, kennysheep_windowed_goal, uniq_blork_the_orc
D:6:      minmay_overflow_temple_star_quad, minmay_temple_entry_overgrown,
          serial_shops, shop
D:7:      grunt_ogre_cave
D:8:      xom_redecorated, serial_shops, kennysheep_mini, shop_fountains,
          shop_statue, nicolae_shop_overgrown_old_shop, kennysheep_island_fort
Sewer:    sewer_the_crocodile

Skill      XL: |  1  2  3  4  5  6  7  8  9 |
---------------+----------------------------+-----
Axes           | 2 3 4 5 6 8 |  8.5
Fighting       | 3 |  3.0
Shields        | 3 4 5 6 |  6.4
Armour         | 3 4 5 6 |  6.0
Evocations     | 1 2 4 |  4.7
Invocations    | 1 4 |  4.0

Action                   |  1- 3 |  4- 6 |  7- 9 | 10-12 || total
-------------------------+-------+-------+-------+-------++-------
Melee: War axe           |    43 |   159 |       |    29 ||   231
       Bite              |    11 |    40 |    61 |    13 ||   125
       Hand axe          |       |    10 |   204 |       ||   214
Invok: Lesser Healing    |       |       |       |     1 ||     1
 Abil: Evoke Berserk Rag |       |       |     2 |       ||     2
Evoke: Wand              |       |       |     3 |       ||     3
  Use: Scroll            |     1 |     9 |     2 |     2 ||    14
       Potion            |       |     1 |       |     3 ||     4
  Eat: Chunk             |     1 |     9 |    10 |     2 ||    22
Armor: Scale mail        |    15 |    63 |    59 |       ||   137
       Chain mail        |       |       |       |     9 ||     9
       Skin              |       |       |       |     2 ||     2
Dodge: Dodged            |    15 |    52 |    50 |     1 ||   118
Block: Shield            |    17 |   104 |    84 |    29 ||   234

Table legend:
 A = Spawn XP
 B = Non-spawn XP
 C = Spawn XP percentage of total XP
 D = Spawn monster count
 E = Non-spawn monster count
 F = Spawn count percentage of total count
 G = Total turns spent on level
                    A         B        C        D         E        F      G
               +---------+---------+-------+---------+---------+-------+---------
         Total |       0 |    6101 |   0.0 |       0 |     170 |   0.0 |  6852
               +---------+---------+-------+---------+---------+-------+---------
           D:1 |       0 |      21 |   0.0 |       0 |      12 |   0.0 |  1160
           D:2 |       0 |     147 |   0.0 |       0 |      22 |   0.0 |   981
           D:3 |       0 |      97 |   0.0 |       0 |      26 |   0.0 |  1003
           D:4 |       0 |     153 |   0.0 |       0 |      16 |   0.0 |   674
           D:5 |       0 |     549 |   0.0 |       0 |      11 |   0.0 |   479
           D:6 |       0 |     761 |   0.0 |       0 |      17 |   0.0 |   570
           D:7 |       0 |    1844 |   0.0 |       0 |      35 |   0.0 |  1152
           D:8 |       0 |    2418 |   0.0 |       0 |      25 |   0.0 |   718
         Sewer |       0 |     111 |   0.0 |       0 |       6 |   0.0 |   115
               +---------+---------+-------+---------+---------+-------+---------
